 Dungeon Crawl Stone Soup version 0.32-a0-886-g41c5271027 (webtiles) character file.

Game seed: 311859686485500951

2995 petete the Arsonist (level 9, -5/62 HPs)
             Began as a Mountain Dwarf Fire Elementalist on Apr 2, 2024.
             Was a Follower of Vehumet.
             Slain by a polar bear (16 damage)
             ... on level 8 of the Dungeon.
             The game lasted 00:31:58 (6493 turns).

petete the Arsonist (MDFE)                          Turns: 6493, Time: 00:31:59

Health: -5/62      AC:  9    Str: 11    XL:     9   Next: 54%
Magic:  4/19       EV: 19    Int: 20    God:    Vehumet [*.....]
Gold:   306        SH:  0    Dex: 12    Spells: 9/22 levels left

rFire   + . .        a - +2 dagger (venom)
rCold   . . .        (no shield)
rNeg    . . .        I - +0 swamp dragon scales
rPois   +            (no helmet)
rElec   .            (no cloak)
rCorr   .            (no gloves)
SInv    .            t - +1 pair of boots "Guopisko" {rF+ Dex+2 Slay+2}
Will    .....        D - amulet of regeneration
Stlth   +            w - +5 ring of evasion
HPRegen 1.10/turn    H - +5 ring of evasion
MPRegen 0.16/turn

%: no passive effects
@: no status effects
A: runic magic, artefact enchanting
a: Renounce Religion


You were on level 8 of the Dungeon.
You worshipped Vehumet.
Vehumet was aware of your devotion.
You visited 2 branches of the dungeon, and saw 9 of its levels.

You collected 306 gold pieces.

Inventory:

Hand Weapons
 a - a +2 dagger of venom (weapon)
 e - a +2 scimitar of electrocution
Missiles
 C - a throwing net
 E - 4 curare-tipped darts
Armour
 t - the +1 pair of boots "Guopisko" (worn) {rF+ Dex+2 Slay+2}
   (You found it on level 5 of the Dungeon)

   Dex+2:     It affects your dexterity (+2).
   Slay+2:    It affects your accuracy & damage with ranged weapons and melee
   (+2).
   rF+:       It protects you from fire.
 F - a +2 chain mail of cold resistance
 G - a +1 robe of positive energy
 I - +0 swamp dragon scales (worn)
Jewellery
 w - a +5 ring of evasion (left hand)
 D - an amulet of regeneration (around neck)
 H - a +5 ring of evasion (right hand)
Talismans
 q - a flux talisman
 B - a beast talisman
Wands
 n - a wand of flame (40)
 p - a wand of warping (15)
Scrolls
 g - 4 scrolls of teleportation
 i - 2 scrolls of amnesia {unknown}
 j - 3 scrolls of blinking {unknown}
 k - a scroll of enchant weapon {unknown}
 o - 6 scrolls of identify {unknown}
 s - a scroll of immolation {unknown}
 u - a scroll of revelation {unknown}
 y - a scroll of vulnerability {unknown}
Potions
 b - a potion of magic
 c - 4 potions of enlightenment {unknown}
 f - a potion of haste {unknown}
 h - 2 potions of curing {unknown}
 l - 2 potions of heal wounds {unknown}
 m - a potion of cancellation {unknown}
 r - a potion of invisibility {unknown}
 v - a potion of attraction {unknown}
 x - 2 potions of brilliance {unknown}
 z - a potion of ambrosia {unknown}
 A - a potion of lignification {unknown}


   Skills:
 - Level 1.3 Dodging
 - Level 1.4 Stealth
 + Level 7.1 Spellcasting
 - Level 4.0 Conjurations
 + Level 11.9 Fire Magic


You had 9 spell levels left.
You knew the following spells:

 Your Spells              Type           Power      Damage    Failure   Level
a - Foxfire               Conj/Fire      100%       2x1d9     1%          1
b - Scorch                Fire           100%       2d9       1%          2
c - Inner Flame           Hex/Fire       31%        N/A       3%          3
d - Volatile Blastmotes   Fire/Tloc      62%        2d15      3%          3
e - Flame Wave            Conj/Fire      39%        2d11      4%          4

Your spell library contained the following spells:

 Spells                   Type           Power      Damage    Failure   Level
 Shock                    Conj/Air       60%        1d6       4%          1
 Magic Dart               Conj           92%        1d7       2%          1
 Blink                    Tloc           14%        N/A       17%         2
 Call Imp                 Summ           14%        N/A       17%         2


Dungeon Overview and Level Annotations

Branches:
Dungeon (8/15)             Temple (1/1) D:4            Lair (0/5) D:8

Altars:
Cheibriados
Dithmenos
Fedhas
Gozag
Hepliaklqana
Kikubaaqudgha
Makhleb
Qazlal
Ru
Sif Muna
Trog
Uskayaw
Vehumet
Wu Jian
Xom
Yredelemnul
Zin
The Shining One

Shops:
D:1 ?

Annotations:
D:3 Grinder, Terence
D:6 3 runed translucent doors, EvilEddieB's ghost, novice DsGl
D:7 2 transporters, TwadoKnight's ghost, novice MiFi


Innate Abilities, Weirdness & Mutations

Your spellcasting is much less encumbered by armour.
You can use scrolls of enchantment on lesser artefacts.


Message History

The polar bear bites you!! The polar bear claws you. The polar bear misses you.
The polar bear bites you but does no damage.
The polar bear claws you but does no damage. x2
You completely miss the polar bear.
The polar bear is severely wounded.
The polar bear misses you. The polar bear barely misses you.
The polar bear claws you but does no damage.
You hit the polar bear but do no damage.
The polar bear is poisoned.
The polar bear is severely wounded.
The polar bear misses you. The polar bear claws you. x2
* * * LOW HITPOINT WARNING * * *
The polar bear misses you. The polar bear claws you.
* * * LOW HITPOINT WARNING * * *
The polar bear claws you.
* * * LOW HITPOINT WARNING * * *
Casting: Flame Wave (dangerous; 4% risk of failure)
Confirm with . or Enter, or press ? or * to list all spells.
Flames lash the polar bear.
The polar bear is almost dead.
The polar bear's fire resistance burns away.
The polar bear misses you. The polar bear completely misses you.
The polar bear claws you but does no damage.
You closely miss the polar bear.
The polar bear is almost dead.
The polar bear closely misses you. The polar bear barely misses you.
The polar bear claws you but does no damage.
The sky beast flickers out of sight!
Deactivating autopickup; reactivate with Ctrl-A.
The polar bear barely misses you. x3
You hit the polar bear.
The polar bear looks as sick as possible!
The polar bear is almost dead.
The polar bear barely misses you. The polar bear misses you.
The polar bear claws you but does no damage.
You hit the polar bear.
The polar bear looks as sick as possible!
The polar bear is almost dead.
The polar bear bites you!
You die...

#.... #.....
#....###....## .
#.)......†#..#....
#......†.....>..
#.#....#..#.....
#{#..#.## ...#
#YY.....# .##
#h##...#.....#
#@##........ .
#<+........
###.........
###...... #.....


You could see a polar bear (berserk, extremely poisoned, combustible) and 2 ice
beasts.

Vanquished Creatures
  Maggie (D:7)
  A rime drake (D:8)
  Duvessa (D:7)
  2 orc warriors (D:7)
  A sky beast (D:6)
  A black bear (D:6)
  2 wolves (D:8)
  4 ogres
  2 centaurs
  5 bullfrogs
  Dowan (D:7)
  2 bombardier beetles
  5 howler monkeys
  7 hounds
  5 jellies
  An orc priest (D:7)
  Ijyb (D:3)
  5 iguanas
  An orc wizard (D:7)
  5 adders
  2 white imps
  2 dart slugs
  2 ribbon worms (D:2)
  18 orcs
  7 endoplasms
  4 giant cockroaches
  7 goblins
  7 hobgoblins
  5 jackals
  A quokka (D:5)
  4 ball pythons
  9 bats
  A frilled lizard (D:2)
  6 rats
128 creatures vanquished.

Vanquished Creatures (others)
  330 foxfires
330 creatures vanquished.

Grand Total: 458 creatures vanquished

Notes
Turn   | Place    | Note
-------+----------+-------------------------------------------
     0 | D:1      | petete the Mountain Dwarf Fire Elementalist began the quest
                  | for the Orb.
     0 | D:1      | Reached XP level 1. HP: 14/14 MP: 3/3
    30 | D:1      | Reached skill level 1 in Conjurations
   204 | D:1      | Reached XP level 2. HP: 15/20 MP: 1/5
   206 | D:1      | Reached skill level 4 in Fire Magic
   390 | D:1      | Learned a level 2 spell: Scorch
   438 | D:1      | Found Wikh's Magic Scroll Boutique.
   724 | D:2      | Found a faded altar of an unknown god.
   933 | D:2      | Reached XP level 3. HP: 22/26 MP: 6/6
  1727 | D:3      | Noticed Ijyb
  1743 | D:3      | Reached skill level 5 in Fire Magic
  1743 | D:3      | Reached XP level 4. HP: 33/33 MP: 5/8
  1747 | D:3      | Learned a level 3 spell: Inner Flame
  1751 | D:3      | Learned a level 3 spell: Volatile Blastmotes
  2111 | D:3      | Noticed Grinder
  2127 | D:3      | Paralysed by Grinder for 5 turns
  2206 | D:3      | Killed Ijyb
  2207 | D:3      | Reached XP level 5. HP: 20/38 MP: 1/9
  2547 | D:3      | Noticed Terence
  2584 | D:4      | Reached skill level 6 in Fire Magic
  2667 | D:4      | Found a staircase to the Ecumenical Temple.
  2673 | Temple   | Entered the Ecumenical Temple
  2725 | D:4      | Found a burning altar of Makhleb.
  2757 | D:4      | Found a shadowy altar of Dithmenos.
  2953 | D:4      | Reached skill level 7 in Fire Magic
  2953 | D:4      | Reached XP level 6. HP: 42/45 MP: 6/10
  3032 | D:4      | Found an opulent altar of Gozag.
  3075 | D:4      | Found a radiant altar of Vehumet.
  3078 | D:4      | Became a worshipper of Vehumet
  3167 | D:4      | You fall into a shaft and drop 3 floors!
  3172 | D:7      | Found a transporter.
  3172 | D:7      | Noticed TwadoKnight's ghost (novice MiFi)
  3175 | D:7      | Found a transporter.
  3271 | D:6      | Found a blossoming altar of Fedhas.
  3315 | D:5      | Entered Level 5 of the Dungeon
  3327 | D:5      | Reached XP level 7. HP: 40/50 MP: 7/12
  3328 | D:5      | Identified the +1 pair of boots "Guopisko" {rF+ Dex+2
                  | Slay+2}
  3429 | D:5      | Reached skill level 8 in Fire Magic
  3434 | D:5      | Learned a level 4 spell: Flame Wave
  3699 | D:5      | Found a snail-covered altar of Cheibriados.
  3708 | D:5      | Found a glowing golden altar of the Shining One.
  4078 | D:5      | Reached skill level 9 in Fire Magic
  4158 | D:5      | Noticed a fire elemental
  4161 | D:5      | Found a stormy altar of Qazlal.
  4163 | D:5      | Noticed an air elemental
  4163 | D:5      | Noticed a water elemental
  4277 | D:6      | Reached skill level 5 in Spellcasting
  4277 | D:6      | Reached XP level 8. HP: 57/57 MP: 7/15
  4345 | D:6      | Found a bloodstained altar of Trog.
  4425 | D:6      | Found a runed translucent gate.
  4431 | D:6      | Noticed EvilEddieB's ghost (novice DsGl)
  4573 | D:6      | Found a runed translucent gate.
  4573 | D:6      | Found a runed translucent gate.
  4706 | D:6      | Reached * piety under Vehumet
  4706 | D:6      | Offered knowledge of Shock by Vehumet.
  4827 | D:6      | Found a shimmering blue altar of Sif Muna.
  5110 | D:6      | Reached skill level 10 in Fire Magic
  5385 | D:7      | Noticed Maggie
  5506 | D:7      | Noticed a +0 hand axe
  5507 | D:7      | Noticed a +0 hand axe
  5669 | D:7      | Found a hide-covered altar of Uskayaw.
  5813 | D:7      | Reached XP level 9. HP: 62/62 MP: 9/18
  5896 | D:7      | Noticed Duvessa
  5903 | D:7      | Noticed Dowan
  5907 | D:7      | Killed Duvessa
  5908 | D:7      | Killed Dowan
  6049 | D:7      | Reached skill level 11 in Fire Magic
  6312 | D:7      | Killed Maggie
  6466 | D:8      | Found a staircase to the Lair.
  6468 | D:8      | Noticed a rime drake
  6471 | D:8      | Noticed a polar bear
  6479 | D:8      | Killed a rime drake
  6493 | D:8      | Slain by a polar bear

Illustrated notes

Levels and vault maps discovered:
D:1:      minmay_arrival_wavy_path, layout_rooms, serial_shops,
          nicolae_shop_back_alley_shop, solitary_fountain
D:2:      layout_loops_ring, hellmonk_ecumenical_altar_dog_temple
D:3:      layout_basic, uniq_terence, uniq_grinder, uniq_ijyb
D:4:      layout_rooms, lemuel_crystal_altar, bloody_makhleb,
          mainiacjoe_overflow_tiny_flanked, kennysheep_mini,
          minmay_temple_entry_enclosed_plants
D:5:      layout_gridville, nicolae_qazlal_style_of_elements,
          mainiacjoe_overflow_swirl
D:6:      layout_cave_pods, fedhas_altar_2, nicolae_overflow_crystal_walls,
          mainiacjoe_overflow_24_doors, gammafunk_ghost_split
D:7:      layout_basic, dancing_weapons_uskayaw, gammafunk_ghost_smash,
          uniq_maggie, uniq_duvessa
D:8:      gammafunk_wand_slinger, layout_basic, hellmonk_lair_entry_icy
Temple:   nicolae_temple_ecumenical_triangle

Skill      XL: |  1  2  3  4  5  6  7  8  9 |
---------------+----------------------------+-----
Conjurations   | 1 2 4 |  4.0
Spellcasting   | 2 3 5 6 7 |  7.1
Fire Magic     | 4 5 7 9 10 11 | 11.9
Dodging        | |  1.3
Stealth        | |  1.4

Action                     |  1- 3 |  4- 6 |  7- 9 || total
---------------------------+-------+-------+-------++-------
  Melee: Unarmed           |     2 |     7 |       ||     9
         Dagger            |     6 |     3 |    34 ||    43
         Spear             |    37 |    10 |       ||    47
   Cast: Foxfire           |    51 |    49 |    86 ||   186
         Scorch            |       |    10 |    29 ||    39
         Volatile Blastmot |       |     3 |     3 ||     6
         Flame Wave        |       |       |     4 ||     4
    Use: Scroll            |       |     1 |       ||     1
   Stab: Sleeping          |     3 |     1 |     4 ||     8
         Confused          |       |     1 |       ||     1
 Armour: Robe              |    36 |    14 |    26 ||    76
         Skin              |       |     1 |       ||     1
         Swamp dragon scal |       |       |    22 ||    22
  Dodge: Dodged            |    38 |    11 |    76 ||   125

Table legend: (Time is in decaauts)
 A = Elapsed time spent in this place.
 B = Non-inter-level travel time spent in this place.
 C = Inter-level travel time spent in this place.
 D = Time resting spent in this place.
 E = Time spent auto-exploring this place.
 F = Levels seen in this place.
 G = Mean time per level.
                   A        B        C        D        E       F      G
               +--------+--------+--------+--------+--------+-----+--------+
         Total |   6494 |   6268 |    226 |    215 |   5026 |   9 |  721.6 |
       Dungeon |   6490 |   6265 |    225 |    215 |   5026 |   8 |  811.2 |
        Temple |      3 |      3 |      0 |      0 |      0 |   1 |    3.0 |
               +--------+--------+--------+--------+--------+-----+--------+

Top non-repeatable levels by time:
     D:7: 1270 daAuts
     D:6: 1071 daAuts
     D:2: 1019 daAuts
     D:5: 857 daAuts
     D:3: 829 daAuts
     D:1: 719 daAuts
     D:4: 689 daAuts
     D:8: 34 daAuts
  Temple: 3 daAuts
